 Dungeon Crawl Stone Soup version 0.18-a0-1774-gce1f7b6 (webtiles) character file.

229 M4edhros the Poker (level 5, -3/41 HPs)
             Began as a Mummy Chaos Knight on Apr 15, 2016.
             Slain by a scorpion (6 damage)
             ... in an ossuary.
             The game lasted 00:04:08 (2578 turns).

M4edhros the Poker (Mummy Chaos Knight)             Turns: 2578, Time: 00:04:08

Health: -3/41      AC:  6    Str: 15    XL:     5   Next: 71%
Magic:  5/5        EV: 12    Int: 11    God:    Xom [...*..]
Gold:   72         SH:  3    Dex: 13    Spells: 0 memorised, 4 levels left

rFire  x . .     SeeInvis .     a - +0 spear (chaos)
rCold  + . .     Gourm    .     b - +2 leather armour
rNeg   + + +     Faith    .     q - +0 buckler
rPois  ∞         Spirit   .     i - +0 helmet
rElec  .         Dismiss  .     (no cloak)
rCorr  .         Reflect  .     (no gloves)
SustAt .         Harm     .     (no boots)
MR     .....                    (no amulet)
Stlth  +.........               (no ring)
                                o - +2 ring of evasion

@: not resistant to hostile enchantments, very unstealthy
A: no food or potions, fire vulnerability, cold resistance 1, negative energy
resistance 3, torment resistance, unbreathing
a: Renounce Religion


You were in an ossuary.
You worshipped Xom.
You were a favourite toy of Xom.
You were not hungry.

You visited 1 branch of the dungeon, and saw 5 of its levels.
You also visited: Ossuary.

You collected 72 gold pieces.

Inventory:

Hand Weapons
 a - a +0 spear of chaos (weapon)
 c - a +0 whip of electrocution
 e - a +0 hunting sling
Missiles
 l - 47 stones (quivered)
 p - 7 javelins
Armour
 b - a +2 leather armour (worn)
 i - a +0 helmet (worn)
 q - a +0 buckler (worn)
Jewellery
 o - a +2 ring of evasion (left hand)
Scrolls
 d - 2 scrolls of remove curse {unknown}
 f - 2 scrolls of identify {unknown}
 g - a scroll of blinking {unknown}
 h - a scroll of random uselessness {unknown}
 j - a scroll of noise
 k - a scroll of magic mapping {unknown}
 n - 2 scrolls of immolation {unknown}
Books
 m - a book of Changes

   Spells                             Type                      Level
   a - Beastly Appendage              Transmutation                1
   b - Sticks to Snakes               Transmutation                2
   c - Spider Form                    Transmutation/Poison         3
   d - Ice Form                       Ice/Transmutation            4
   e - Blade Hands                    Transmutation                5


   Skills:
 - Level 3.0 Fighting
 + Level 5.4 Polearms
 - Level 1.5 Armour
 - Level 0.7 Dodging


You had 4 spell levels left.
You didn't know any spells.

Dungeon Overview and Level Annotations

Branches:
Dungeon (5/15)
 Temple: D:4-7

Altars:

Annotations:
D:5 Eustachio


Innate Abilities, Weirdness & Mutations

You do not eat or drink.
Your flesh is vulnerable to fire.
You are immune to poison.
Your flesh is cold resistant.
You are immune to negative energy.
You are immune to unholy pain and torment.
You can survive without breathing.


Message History

The scorpion is heavily wounded.
The scorpion barely misses you.
You hit the scorpion.
The scorpion is heavily wounded.
The scorpion barely misses you.
You barely miss the scorpion.
The scorpion is heavily wounded.
You block the scorpion's attack.
You hit the scorpion but do no damage.
The scorpion is heavily wounded.
The scorpion barely misses you.
Your shield prevents you from hitting the scorpion.
The scorpion is heavily wounded.
The scorpion stings you.
* * * LOW HITPOINT WARNING * * *
You hit the scorpion but do no damage.
The scorpion is poisoned.
The scorpion is heavily wounded.
The scorpion stings you.
You die...
Xom chortles!

...#...#^.^#...#
...8...'Z^.#?.!+
.....Z.#^..#???#
#8...8##############
....Z..#...#...#...#
...8...#...8...'.∩.#
...#Z..#.......#.Z.#
#####'###8...8###s##
?!?#..^#Z.Z....#@..#
?.Z#...'...8...#.∩.#
.=!#..^#...#...#...#
####################


You could see a scorpion and a human zombie.

Vanquished Creatures
  A howler monkey (D:3)
  A crimson imp (D:5)
  A human zombie (Ossuary)
  A worker ant (D:4)
  An iguana (D:4)
  2 oozes
  2 adder skeletons (D:2)
  2 worms (D:2)
  A giant gecko (D:1)
  An orc (D:5)
  2 giant cockroaches
  6 goblins
  3 hobgoblins
  8 jackals
  4 kobolds
  2 quokkas (D:2)
  6 bats
  A giant gecko zombie (D:2)
  3 giant newts
  A gnoll zombie (Ossuary)
  A goblin zombie (Ossuary)
  A hobgoblin zombie (Ossuary)
  A kobold zombie (Ossuary)
  An orc zombie (Ossuary)
  3 rats
56 creatures vanquished.

Notes
Turn   | Place    | Note
--------------------------------------------------------------
     0 | D:1      | M4edhros the Mummy Chaos Knight began the quest for the Orb.
     0 | D:1      | Reached XP level 1. HP: 18/18 MP: 1/1
   365 | D:1      | Reached XP level 2. HP: 24/24 MP: 2/2
   371 | D:1      | Reached skill level 3 in Polearms
   554 | D:2      | HP: 1/24 [jackal (1)]
   589 | D:2      | HP: 1/24 [goblin (3)]
   607 | D:2      | XOM: harmless Chrm miscast
   609 | D:2      | XOM: noise
   729 | D:1      | XOM: colour smoke trail
   886 | D:2      | XOM: smoke on damage
  1149 | D:1      | Reached XP level 3. HP: 16/29 MP: 3/3
  1390 | D:1      | XOM: harmless Air miscast
  1844 | D:3      | Reached skill level 4 in Polearms
  1844 | D:3      | Reached XP level 4. HP: 29/35 MP: 4/4
  1863 | D:3      | XOM: god gift: scroll labeled MOLEDU TICOF
  2058 | D:4      | XOM: divination: magic mapping
  2172 | D:4      | Noticed an ogre
  2180 | D:5      | Entered Level 5 of the Dungeon
  2186 | D:5      | Noticed Eustachio
  2196 | D:5      | XOM: cast spell 'Ring of Flames'
  2209 | D:5      | Reached skill level 5 in Polearms
  2209 | D:5      | Reached XP level 5. HP: 32/41 MP: 5/5
  2319 | D:4      | Found a sand-covered staircase.
  2328 | Ossuary  | Entered an ossuary
  2363 | Ossuary  | XOM: silly message
  2383 | Ossuary  | XOM: smoke on damage
  2525 | Ossuary  | XOM: cast spell 'Cause Fear'
  2526 | Ossuary  | XOM: summons friendly shadow imp
  2535 | Ossuary  | XOM: swap monsters
  2538 | Ossuary  | XOM: summons friendly crimson imp
  2544 | Ossuary  | XOM: enchant monster (good)
  2578 | Ossuary  | Slain by a scorpion

Vault maps used:
D:1:      lightli_arrival_noodles
D:2:      serial_undead, serial_undead_d, serial_undead_e, serial_undead_b,
          serial_undead_c, nrook_mini_vaults
D:3:      serial_forest, infiniplex_forest_end_2, infiniplex_forest_clump_long,
          infiniplex_forest_straight_3, infiniplex_forest_clump_curved,
          infiniplex_forest_pool, grunt_ministairs_4
D:4:      nicolae_ossuary_entry_ruins, minmay_fountain_box
D:5:      first_bread, uniq_pikel, uniq_eustachio, uniq_grinder, uniq_menkaure
Ossuary:  ossuary_minmay_scorpions

Skill      XL: |  1  2  3  4 |
---------------+-------------+-----
Polearms       | 3 4 5 |  5.4
Fighting       | |  3.0
Armour         | |  1.5
Dodging        | |  0.7

Action                   |  1- 3 |  4- 6 || total
-------------------------+-------+-------++-------
Melee: Whip              |   127 |       ||   127
       Spear             |    76 |   115 ||   191
  Use: Scroll            |       |     1 ||     1
 Stab: Confused          |     1 |     2 ||     3
       Petrifying        |     1 |       ||     1
Armor: Leather armour    |   121 |    33 ||   154
Dodge: Dodged            |   183 |    51 ||   234
Block: Buckler           |       |     7 ||     7
